cohdb
Replays
Latest Replays
All Replays
Popular Replays
Top Player Replays
Match Explorer
How It Works
Community
CoH3 Stats
Reddit
Sign in to upload your games and track your stats! →
Sign in with Steam
Match 42509474
Unlisted
Match 42509474
Overview
Messages
Build Orders
End
Construct Infanterie Kompanie
Grenadier Squad
Grenadier Squad
MG 42 Machine Gun Team
Grenadier Squad
Construct Luftwaffe Kompanie
MG 42 Machine Gun Team
Luftwaffe Officer Quarters
MG 42 Machine Gun Team
Selects Mechanized Battlegroup
Selects Raid Package
Selects StuG Assault Group
StuG Assault Group
Medical Station
Pioneer Squad
Selects Spotting Scopes
Selects UNKNOWN (2160084)
Construct Panzer Kompanie
Stoßtruppen Squad
Panther Heavy Tank
Stoßtruppen Squad
Selects Wespe Self-propelled Artillery
Repair Bunker
Sturmpanzer IV Brummbär
Side Skirts
Selects Zeroing Artillery Barrage
Zeroing Artillery Barrage
Pioneer Squad
Repair Bunker
Bruistablet
UltraChaos
Roskrat
Ali Zombie
Rifle Jock
DDGG0012
Milto
PYPA
0
0
Comments
sign in to comment!
No comments posted yet!